 Dungeon Crawl Stone Soup version 0.18-a0-312-g61bb5a5 (webtiles) character file.

14070 Ordine the Martial Artist (level 12, 0/82 HPs)
             Began as an Octopode Transmuter on Nov 27, 2015.
             Was the Champion of Cheibriados.
             Killed by the air
             ... invoked by Gastronok
              (22 damage)
             ... on level 2 of the Lair of Beasts.
             The game lasted 00:54:30 (15508 turns).

Ordine the Martial Artist (Octopode Transmuter)    Turns: 15508, Time: 00:54:30

Health: 0/82       AC:  1    Str: 29    XL:     12   Next: 12%
Magic:  0/24       EV: 14    Int: 34    God:    Cheibriados [******]
Gold:   692        SH:  0    Dex: 30    Spells: 3 memorised, 15 levels left

rFire  + . .     SeeInvis .       - Unarmed
rCold  + . .     Clarity  .     (shield currently unavailable)
rNeg   + + .     SustAt   .     (helmet restricted)
rPois  +         Gourm    .     d - amulet of guardian spirit
rElec  .         Spirit   +     i - +2 ring of dexterity
rCorr  .         Warding  .     l - ring of protection from fire
rMut   .         Stasis   .     e - ring of poison resistance
MR     .....                    A - ring of positive energy
Stlth  ++++......               F - ring of protection from cold
                                x - ring of stealth
                                H - +4 ring of strength
                                L - ring of positive energy

@: blade tentacles, very slow, not resistant to hostile enchantments, stealthy
A: almost no armour, amphibious, 8 rings, constrict 8, camouflage 1, gelatinous
body 1
a: End Transformation, Bend Time, Temporal Distortion, Slouch, Step From Time,
Renounce Religion


You were on level 2 of the Lair of Beasts.
You worshipped Cheibriados.
Cheibriados was exalted by your worship.
You were not hungry.
You had blades for tentacles.
You visited 3 branches of the dungeon, and saw 12 of its levels.

You collected 692 gold pieces.

Inventory:

Jewellery
 d - an amulet of guardian spirit (around mantle)
 e - a ring of poison resistance (on tentacle)
 i - a +2 ring of dexterity (left scythe-like blade)
 l - a ring of protection from fire (right scythe-like blade)
 r - an uncursed amulet of the gourmand
 x - a ring of stealth (on tentacle)
 A - a ring of positive energy (on tentacle)
 F - a ring of protection from cold (on tentacle)
 H - a +4 ring of strength (on tentacle)
 L - a ring of positive energy (on tentacle)
Wands
 k - a wand of disintegration (20)
 y - a wand of teleportation (2)
Scrolls
 f - 4 scrolls of teleportation
 m - 2 scrolls of fear
 o - 5 scrolls of enchant armour
 q - 2 scrolls of enchant weapon
 t - 4 scrolls of recharging
 B - a scroll of magic mapping
 G - 2 scrolls of amnesia
 I - a scroll of remove curse
Potions
 a - 3 potions of curing
 h - a potion of cancellation
 j - 3 potions of flight
 p - a potion of magic
 u - a potion of brilliance
 w - 3 potions of might
 D - a potion of agility
 J - a potion of heal wounds
Books
 b - a book of Changes

   Spells                             Type                      Level
   a - Beastly Appendage              Transmutation                1
   b - Sticks to Snakes               Transmutation                2
   c - Spider Form                    Transmutation/Poison         3
   d - Ice Form                       Ice/Transmutation            4
   e - Blade Hands                    Transmutation                5
Miscellaneous
 z - a piece from Xom's chessboard
Comestibles
 c - 11 bread rations
 g - 11 meat rations
 n - 11 fruits
 s - 3 beef jerkies
 v - a royal jelly
 C - 9 slices of pizza


   Skills:
 + Level 8.1 Fighting
 - Level 2.0 Dodging
 * Level 12.1 Unarmed Combat
 + Level 8.1 Spellcasting
 - Level 10.0 Transmutations


You had 15 spell levels left.
You knew the following spells:

 Your Spells              Type           Power        Failure   Level  Hunger
a - Spider Form           Trmt/Pois      #####.....   17%         3    None
b - Ice Form              Ice/Trmt       #####...     32%         4    None
c - Blade Hands           Trmt           ######....   17%         5    ####...


Dungeon Overview and Level Annotations

Branches:
Dungeon (9/15)             Temple (1/1) D:4            Lair (2/8) D:9
    Orc (0/4) D:9

Altars:
Ashenzari
Cheibriados
Dithmenos
Elyvilon
Fedhas
Gozag
Kikubaaqudgha
Makhleb
Nemelex Xobeh
Okawaru
Qazlal
Ru
Sif Muna
Trog
Vehumet
Xom
Yredelemnul
Zin
The Shining One

Shops:
D:6 :

Annotations:
Lair:2 Gastronok


Innate Abilities, Weirdness & Mutations

You cannot wear most types of armour.
You are amphibious.
You can wear up to eight rings at the same time.
You can use your tentacles to constrict eight enemies at once.
Your skin changes colour to match your surroundings (Stealth).
Your rubbery body absorbs attacks (AC +1).


Message History

As you read the scroll of fog, it crumbles to dust.
The scroll dissolves into smoke.
Casting: Blade Hands
Confirm with . or Enter, or press ? or * to list all spells.
Your tentacles turn into razor-sharp scythe blades.
Gastronok bites you!!
You shred Gastronok!!! You squeeze Gastronok!
Gastronok is heavily wounded.
Gastronok bites you!
* * * LOW HITPOINT WARNING * * *
You slice Gastronok!!
You squeeze Gastronok, but do no damage.
Gastronok is severely wounded.
You slash Gastronok! Your squeeze misses Gastronok.
Gastronok is severely wounded.
You shred Gastronok!!!
Gastronok is almost dead.
Gastronok waves his eye-stalks in wide circles.
The air twists around and strikes you!
You die...

#..... #..(.#### #.......## #
#### ##.......## # ####.#
#..######.........# .#.P##...
#....##PP........# #
#...###...##....#....#......#
#####....#......§§§....##..#P..<#
.##.#.........Pw@§§§...###.##...P
.........P......§§§...##...†....#
##.............§...§###........##
....P..............####......###
......P...........#...........P##
......P.........?......P...#....#
#P.....#....##...........####...#
..........P.###..........####..##
....P......###P....###.#.#.....##


You could see Gastronok.

Vanquished Creatures
  Maurice (D:8)
  4 komodo dragons
  2 spiny frogs (Lair:1)
  A fire drake (Lair:2)
  4 blink frogs (Lair:2)
  A deep elf fighter (D:9)
  A basilisk (Lair:1)
  A hungry ghost (D:8)
  A shadow (D:9)
  18 yaks
  7 wolves
  2 wargs (D:9)
  2 water moccasins
  2 porcupines
  3 hippogriffs
  7 orc warriors
  A phantom (D:8)
  5 ogres
  A black bear (D:9)
  2 ice beasts
  2 necrophages
  3 sky beasts
  5 crocodiles
  A centaur (D:8)
  7 giant frogs
  A big kobold (D:8)
  A gnoll sergeant (D:8)
  11 wights
  6 killer bees (D:9)
  3 hounds
  2 jellies
  3 crimson imps
  A gnoll shaman (D:4)
  Crazy Yiuf (D:2)
  11 orc priests
  2 giant frog skeletons (D:5)
  7 worker ants
  Jessica (D:2)
  4 centaur skeletons
  4 iguanas
  9 orc wizards
  Natasha (thrice) (D:2)
  10 hell rats (Lair:1)
  12 sheep
  A hound skeleton (D:9)
  Robin (D:4)
  11 gnolls
  22 river rats (Lair:1)
  3 shadow imps
  14 adders
  An ooze (D:3)
  5 worms
  2 adder skeletons
  4 giant geckos
  65 orcs
  11 giant cockroaches
  16 goblins
  10 hobgoblins
  16 jackals
  15 kobolds
  5 quokkas
  2 ball pythons
  6 bats
  A giant cockroach zombie (D:5)
  A giant gecko skeleton (D:6)
  2 giant gecko zombies
  8 giant newts
  2 quokka skeletons
  A quokka zombie (D:9)
  21 rats
422 creatures vanquished.

Vanquished Creatures (others)
  6 fungi (Lair:1)
  4 plants
10 creatures vanquished.

Grand Total: 432 creatures vanquished

Notes
Turn   | Place    | Note
--------------------------------------------------------------
     0 | D:1      | Ordine the Octopode Transmuter began the quest for the Orb.
     0 | D:1      | Reached XP level 1. HP: 13/13 MP: 3/3
    91 | D:1      | Reached XP level 2. HP: 6/18 MP: 3/5
   699 | D:1      | Reached XP level 3. HP: 23/23 MP: 6/6
   904 | D:2      | Noticed Jessica
   911 | D:2      | Killed Jessica
   911 | D:2      | Reached skill level 4 in Transmutations
   911 | D:2      | Reached XP level 4. HP: 28/28 MP: 5/7
   993 | D:2      | Noticed Crazy Yiuf
  1001 | D:2      | Killed Crazy Yiuf
  1103 | D:2      | Found a shattered altar of Ashenzari.
  1158 | D:2      | Found an iron altar of Okawaru.
  1158 | D:2      | Found a white marble altar of Elyvilon.
  1254 | D:2      | Reached skill level 5 in Transmutations
  1254 | D:2      | Reached XP level 5. HP: 27/33 MP: 5/8
  1366 | D:2      | Noticed Natasha
  1374 | D:2      | Killed Natasha
  1565 | D:2      | Learned a level 3 spell: Spider Form
  1570 | D:2      | Learned a level 4 spell: Ice Form
  1612 | D:2      | Noticed Natasha
  1619 | D:2      | Killed Natasha
  1723 | D:2      | Noticed Natasha
  1727 | D:2      | Killed Natasha
  2530 | D:3      | Reached skill level 6 in Transmutations
  2530 | D:3      | Reached XP level 6. HP: 18/38 MP: 3/9
  3706 | D:4      | Found a staircase to the Ecumenical Temple.
  3714 | Temple   | Entered the Ecumenical Temple
  3738 | Temple   | Became a worshipper of Cheibriados the Contemplative
  4055 | D:4      | Reached skill level 7 in Transmutations
  4067 | D:4      | Reached XP level 7. HP: 37/43 MP: 7/10
  4122 | D:4      | Noticed Robin
  4146 | D:4      | Killed Robin
  4146 | D:4      | Reached * piety under Cheibriados
  4915 | D:4      | Reached skill level 8 in Transmutations
  5663 | D:5      | Entered Level 5 of the Dungeon
  5914 | D:5      | Reached ** piety under Cheibriados
  6014 | D:5      | Reached skill level 9 in Transmutations
  6014 | D:5      | Reached XP level 8. HP: 40/45 MP: 7/11
  6767 | D:5      | Reached skill level 10 in Transmutations
  7048 | D:5      | Learned a level 5 spell: Blade Hands
  7275 | D:6      | Reached XP level 9. HP: 51/55 MP: 8/13
  7341 | D:6      | Found Zocvefeg's Book Shop.
  7639 | D:6      | Found a sparkling altar of Nemelex Xobeh.
  7645 | D:6      | Reached skill level 5 in Unarmed Combat
  7953 | D:6      | Reached *** piety under Cheibriados
  9332 | D:7      | Reached **** piety under Cheibriados
  9338 | D:7      | Got an ancient hand axe {drain}
  9566 | D:7      | Found a deep blue altar of Sif Muna.
  9971 | D:8      | Noticed Maurice
  9980 | D:8      | Killed Maurice
  9980 | D:8      | Reached skill level 5 in Spellcasting
  9980 | D:8      | Reached XP level 10. HP: 49/65 MP: 8/17
 10041 | D:8      | Reached skill level 5 in Fighting
 10095 | D:8      | Found a bloodstained altar of Trog.
 10120 | D:8      | Found a sacrificial altar of Ru.
 10143 | D:8      | Identified the cursed +1 hand axe of Duty {drain, rN++ Dex+3} (You took it off a wight on level 7 of the Dungeon)
 10981 | D:8      | Reached ***** piety under Cheibriados
 11273 | D:9      | Found a staircase to the Lair.
 12020 | D:9      | Found a staircase to the Orcish Mines.
 12485 | D:9      | Reached XP level 11. HP: 47/72 MP: 9/21
 12490 | D:9      | Reached skill level 10 in Unarmed Combat
 13027 | Lair:1   | Entered Level 1 of the Lair of Beasts
 13030 | Lair:1   | Reached ****** piety under Cheibriados
 13161 | Lair:1   | XOM: swap monsters
 13886 | Lair:1   | Reached skill level 11 in Unarmed Combat
 14954 | Lair:2   | Reached XP level 12. HP: 75/82 MP: 23/23
 15133 | Lair:2   | Reached skill level 12 in Unarmed Combat
 15496 | Lair:2   | Noticed Gastronok
 15508 | Lair:2   | Killed from afar by Gastronok

Vault maps used:
D:1:      minmay_arrival_shattered_statue, minmay_misc_feat_diagonals,
          minmay_bisected
D:2:      nicolae_ashenzari_panopticon, gammafunk_temple_overflow_wave,
          first_bread, uniq_natasha, uniq_jessica, uniq_crazy_yiuf_cottage
D:3:      forest_paths
D:4:      minmay_temple_entry_grid, uniq_robin
D:5:      minmay_misc_feat_enclosed
D:6:      old_standard_altar, serial_shops, shop_statue
D:7:      lemuel_blue_sif_altar
D:8:      old_standard_altar, old_standard_altar, uniq_maurice
D:9:      erik_lair_orcish_takeover, hiddenorc2_lemuel, grunt_pizzeria
Temple:   circular_temple_12
Lair:1:   lemuel_ratsnest, lemuel_fruit_tree
Lair:2:   beast_lair_carwin_6, uniq_gastronok

Action                   |  1- 3 |  4- 6 |  7- 9 | 10-12 || total
-------------------------+-------+-------+-------+-------++-------
Melee: Unarmed           |    72 |   177 |   323 |   339 ||   911
 Cast: Beastly Appendage |     2 |    12 |       |       ||    14
       Spider Form       |       |     4 |     8 |     2 ||    14
       Ice Form          |       |       |     5 |       ||     5
       Blade Hands       |       |       |     3 |    23 ||    26
 Abil: End Transformatio |       |       |       |     2 ||     2
Evoke: Wand              |       |       |     6 |       ||     6
       Piece from Xom's  |       |       |       |     1 ||     1
  Use: Scroll            |     4 |     6 |    10 |    11 ||    31
       Potion            |       |     3 |     2 |     5 ||    10
 Stab: Sleeping          |     4 |    10 |    12 |    10 ||    36
       Invisible         |       |       |       |     4 ||     4
       Distracted        |       |       |       |     1 ||     1
  Eat: Chunk             |       |    10 |    12 |    14 ||    36
       Fruit             |       |       |     1 |       ||     1
